 Dungeon Crawl Stone Soup version 0.29-a0-1033-gb6c65ffae6 (webtiles) character file.

Game seed: 4371719555983451723

418738 quixfox the Metallomancer (level 22, -19/159 HPs)
             Began as a Demonspawn Conjurer on Aug 13, 2022.
             Was the Champion of Vehumet.
             Killed from afar by a golden dragon (68 damage)
             ... with a bolt of fire
             ... on level 4 of the Depths on Aug 14, 2022.
             The game lasted 05:48:24 (57941 turns).

quixfox the Metallomancer (Demonspawn Conjurer)    Turns: 57941, Time: 05:48:25

Health: -19/159    AC: 12    Str: 13    XL:     22   Next: 61%
Magic:  16/39      EV: 18    Int: 43    God:    Vehumet [******]
Gold:   1881       SH: 17    Dex: 10    Spells: 8/48 levels left

rFire   . . .      SeeInvis .   b - +0 staff of Battle
rCold   . . .      Faith    .   U - +4 kite shield {reflect}
rNeg    . . .      Spirit   .   Q - +2 leather armour "Raerrir" {Int+4}
rPois   +          Reflect  +   I - +0 helmet "Seisk" {Regen+ Str+3 Dex-5}
rElec   .          Harm     .   E - +1 cloak
rCorr   .          Rampage  .   (gloves unavailable)
Will    +....                   M - +2 pair of boots
Stlth   ++++......              G - amulet of Doras {Regen+ Int+4}
HPRegen 1.96/turn               t - +6 ring of intelligence
MPRegen 0.26/turn               T - ring of poison resistance

@: agile, swift, quick
A: thin skeletal structure 2, powered by pain 3, demonic magic 3, demonic touch
3
}: 2/15 runes: barnacled, gossamer
a: Renounce Religion


You were on level 4 of the Depths.
You worshipped Vehumet.
Vehumet was exalted by your worship.
You visited 8 branches of the dungeon, and saw 39 of its levels.
You visited 1 bazaar.
You also visited: Ice Cave.

You collected 4130 gold pieces.
You spent 2249 gold pieces at shops.

Inventory:

Hand Weapons
 a - the +7 dagger "Nuatoubyol" {pain, rElec rF+ Will++ Dex+4}
   (You found it on level 3 of the Vaults)

   In the hands of one skilled in necromantic magic, it inflicts extra damage on
   living creatures.
   Dex:       It affects your dexterity (+4).
   rF:        It protects you from fire.
   rElec:     It insulates you from electricity.
   Will:      It greatly increases your willpower.
 b - the +0 staff of Battle (weapon)
   (You found it on level 5 of the Lair of Beasts)

   It enhances your conjuration magic.
   It summons a battlesphere in combat, with strength depending on Conjurations
   skill.
   Its strikes trigger the battlesphere's blasts.
Missiles
 X - 9 silver javelins
Armour
 E - a +1 cloak (worn)
 I - the +0 helmet "Seisk" (worn) {Regen+ Str+3 Dex-5}
   (You acquired it on level 3 of the Spider Nest)

   Str:       It affects your strength (+3).
   Dex:       It affects your dexterity (-5).
   Regen:     It increases your rate of health regeneration.
 M - a +2 pair of boots (worn)
 Q - the +2 leather armour "Raerrir" (worn) {Int+4}
   (You took it off an ironbound preserver on level 2 of the Vaults)

   Int:       It affects your intelligence (+4).
 U - a +4 kite shield of reflection (worn)
Magical Staves
 R - a staff of earth
Jewellery
 c - a ring of see invisible
 f - a ring of protection from cold
 h - a +6 ring of intelligence
 m - a ring of willpower
 t - a +6 ring of intelligence (left hand)
 A - a ring of protection from fire
 G - the amulet of Doras (around neck) {Regen+ Int+4}
   (You bought it in a shop on level 8 of the Dungeon)

   [amulet of regeneration]

   Int:       It affects your intelligence (+4).
   Regen:     It increases your rate of health regeneration.
 O - a ring of positive energy
 S - an amulet of magic regeneration
 T - a ring of poison resistance (right hand)
Wands
 o - a wand of mindburst (12)
 u - a wand of quicksilver (7)
 v - a wand of flame (74)
 y - a wand of polymorph (8)
 z - a wand of digging (11)
 B - a wand of iceblast (36)
 F - a wand of charming (20)
Scrolls
 g - 3 scrolls of summoning
 i - 3 scrolls of immolation
 l - 20 scrolls of teleportation
 s - 3 scrolls of amnesia
 D - 7 scrolls of magic mapping
 J - 7 scrolls of butterflies
 L - 5 scrolls of fear
 P - 5 scrolls of poison
 V - a scroll of silence
Potions
 d - 3 potions of resistance
 j - 4 potions of haste
 k - 13 potions of curing
 n - 6 potions of invisibility
 p - 12 potions of brilliance
 q - 7 potions of flight
 r - 3 potions of ambrosia
 x - 7 potions of mutation
 C - 3 potions of cancellation
 H - 4 potions of magic
 K - 4 potions of berserk rage
 N - 13 potions of heal wounds
 Y - a potion of might


   Skills:
 - Level 10.1 Fighting
 - Level 5.0 Short Blades
 - Level 8.6 Staves
 - Level 4.6 Armour
 - Level 9.7 Dodging
 - Level 3.7 Stealth
 + Level 15.9 Shields
 - Level 13.5 Spellcasting
 - Level 16.5 Conjurations
 - Level 4.7 Fire Magic
 - Level 4.8 Ice Magic
 * Level 21.8 Earth Magic
 - Level 4.2 Evocations


You had 8 spell levels left.
You knew the following spells:

 Your Spells              Type           Power      Damage    Failure   Level
a - Shatter               Erth           60%        3d45*     8%          9
b - Swiftness             Air            29%        N/A       6%          3
c - Iskenderun's Mystic   Conj/Tloc      100%       2d19      1%          4
e - Lee's Rapid Deconstr  Erth           60%        3d29*     0%          5
f - Foxfire               Conj/Fire      100%       2x1d9     1%          1
g - Sandblast             Erth           100%       2d20      0%          1
h - Iron Shot             Conj/Erth      69%        9d13      1%          6
i - Conjure Ball Lightni  Conj/Air       50%        3x3d17    3%          6
j - Freezing Cloud        Conj/Ice/Air   47%        6-21      1%          5

Your spell library contained the following spells:

 Spells                   Type           Power      Damage    Failure   Level
 Maxwell's Capacitive Co  Air            14%        ∞         100%        8
 Polar Vortex             Ice            31%        N/A       100%        9
 Magic Dart               Conj           100%       1d8       0%          1
 Searing Ray              Conj           100%       2d8       0%          2
 Stone Arrow              Conj/Erth      100%       3d13      0%          3
 Freeze                   Ice            100%       1d11      1%          1
 Ensorcelled Hibernation  Hex/Ice        100%       N/A       1%          2
 Passwall                 Tmut/Erth      74%        N/A       1%          2
 Conjure Flame            Conj/Fire      100%       6-21      1%          3
 Dazzling Flash           Conj/Hex       100%       N/A       1%          3
 Frozen Ramparts          Ice            100%       1d16      1%          3
 Inner Flame              Hex/Fire       49%        N/A       1%          3
 Ozocubu's Armour         Ice            63%        N/A       1%          3
 Flame Wave               Conj/Fire      100%       2d21      1%          4
 Fulminant Prism          Conj/Hex       50%        3d23      1%          4
 Hailstorm                Conj/Ice       100%       3d20      1%          4
 Leda's Liquefaction      Hex/Erth       44%        N/A       1%          4
 Petrify                  Tmut/Erth      89%        N/A       1%          4
 Iskenderun's Battlesphe  Conj           100%       2d15      1%          5
 Lightning Bolt           Conj/Air       50%        1d71      1%          5
 Starburst                Conj/Fire      55%        6d15      1%          6
 Apportation              Tloc           58%        N/A       2%          1
 Beastly Appendage        Tmut           58%        N/A       2%          1
 Summon Small Mammal      Summ           100%       N/A       2%          1
 Wereblood                Tmut           29%        N/A       3%          2
 Statue Form              Tmut/Erth      59%        N/A       3%          6
 Call Canine Familiar     Summ           29%        N/A       6%          3
 Spider Form              Tmut/Pois      29%        N/A       6%          3
 Summon Guardian Golem    Hex/Summ       29%        N/A       6%          3
 Airstrike                Air            14%        2d(3-19)  6%          4
 Olgreb's Toxic Radiance  Pois           29%        N/A       6%          4
 Ice Form                 Ice/Tmut       50%        N/A       8%          4
 Summon Ice Beast         Ice/Summ       50%        N/A       8%          4
 Spellforged Servitor     Conj/Summ      50%        N/A       16%         7
 Animate Dead             Necr           29%        N/A       22%         4
 Cause Fear               Hex            14%        N/A       22%         4
 Corpse Rot               Necr/Pois/Air  29%        N/A       22%         4
 Summon Lightning Spire   Summ/Air       29%        N/A       22%         4
 Metabolic Englaciation   Hex/Ice        25%        N/A       22%         5
 Ozocubu's Refrigeration  Ice            31%        4d14      50%         7
 Summon Mana Viper        Hex/Summ       29%        N/A       52%         5
 Simulacrum               Ice/Necr       25%        N/A       77%         6
 Dispersal                Tloc           14%        N/A       97%         6
 Dragon Form              Tmut           14%        N/A       100%        7
 Haunt                    Necr/Summ      14%        N/A       100%        7
 Monstrous Menagerie      Summ           14%        N/A       100%        7
 Borgnjor's Revivificati  Necr           14%        N/A       100%        8
 Disjunction              Tloc           14%        N/A       100%        8
 Infestation              Necr           14%        N/A       100%        8
 Necromutation            Tmut/Necr      14%        N/A       100%        8
 Death's Door             Necr           14%        N/A       100%        9
 Dragon's Call            Summ           14%        N/A       100%        9


Dungeon Overview and Level Annotations

Branches:
Dungeon (15/15)            Temple (1/1) D:6            Lair (5/5) D:9
 Shoals (4/4) Lair:2       Spider (4/4) Lair:3        Slime (0/5) Lair:5
    Orc (2/2) D:10            Elf (0/3) Orc:2        Vaults (4/5) D:13
  Crypt (0/3) Vaults:2     Depths (4/4) D:15          IceCv (visited)
    Zot: Depths:4

Altars:
Ashenzari
Cheibriados
Dithmenos
Fedhas
Gozag
Hepliaklqana
Kikubaaqudgha
Makhleb
Nemelex Xobeh
Okawaru
Qazlal
Ru
Sif Muna
Trog
Uskayaw
Vehumet
Wu Jian
Xom
Yredelemnul
Jiyva

Shops:
D:8 =   D:10 !   D:15 (   Orc:2 ?((   Shoals:3 *   Vaults:3 (

Portals:
Hell: Depths:1 Depths:2 Depths:3 Depths:4
Abyss: Depths:3
Pandemonium: Depths:2
Ziggurat: Depths:2

Annotations:
Shoals:3 2 transporters, Loidof's ghost, adept MiFi
Depths:2 2 transporters


Innate Abilities, Weirdness & Mutations

You have a moderately thin skeletal structure. (Dex +4, Stealth++)
You are powered by pain.
Spells you cast and wands you use may paralyse nearby enemies.
Your touch may irresistibly damage your foes and sap their willpower.


Message History

You feel a surge of power!
The iron shot hits the green draconian!!!
The green draconian is severely wounded.
Malevolent energies surge around you.
The green draconian suddenly stops moving!
Your battlesphere fires!
The barrage of energy hits the golden dragon!
The golden dragon is severely wounded.
The golden dragon breathes cold at you.
The bolt of cold hits your battlesphere!
Your battlesphere resists.
Your battlesphere is destroyed!
The bolt of cold hits you!!
* * * LOW HITPOINT WARNING * * *
The bolt of cold misses you.
The bolt of cold hits the golden dragon!!
The golden dragon resists.
You hear a roar!
The helpless green draconian fails to defend itself.
You hit the green draconian but do no damage.
The green draconian is severely wounded.
You conjure a globe of magical energy.
Aiming: Iron Shot (safe; 1% risk of failure)
Press: ? - help, Q - select action, (/) - cycle Shift-Dir - straight line, f/p - green draconian
Aim: a green draconian, wielding a +0 short sword (severely wounded, paralysed, 100% to hit)
You feel a surge of power!
The iron shot hits the green draconian!!!
You kill the green draconian!
Vehumet accepts your kill.
You feel your power returning. Malevolent energies surge around you.
Your battlesphere fires!
The barrage of energy hits the golden dragon!
The golden dragon is almost dead.
You block the golden dragon's attack.
The golden dragon claws you but does no damage.
You block the golden dragon's attack.
You see here a +0 short sword.
The golden dragon breathes fire at you. The bolt of fire hits you!!!
You die...

........☼D.......................
......###.....)################..
....#....°#.d.[# #..
..##.###.#.##..# #..
.##.8.###.⌠☼##.## #..
####.#.###.####.## #..
#.###.#.###.#D#..# #..
.⌠.###.⌠.###.8D#*# ### #..
#.#.###.#.###D#.@#########.####..
####.#.###.####..................
.##.8.###.⌠.##....[..............
..##.###.#.##.....)[.............
....#.....#........###.##########
...................##.##
.........).........#.############
.................................
.................................


You could see 2 golden dragons and a friendly battlesphere.

Vanquished Creatures
  Bai Suzhen (Shoals:4)
  4 caustic shrikes
  Nikola (Shoals:1)
  A golden dragon (shapeshifter) (Depths:3)
  3 golden dragons
  The ghost of Wiucos the Sorcerer, a veteran SpVM of Ashenzari (Depths:3)
  A tentacled monstrosity (Depths:3)
  Jorgrun (D:14)
  A lich (Vaults:2)
  3 quicksilver dragons (Depths:4)
  4 sphinxes (Vaults:4)
  A tengu reaver (Depths:2)
  2 shadow dragons (Depths:4)
  Kirke (Lair:4)
  Ilsuiw (Shoals:3)
  Roxanne (D:14)
  Donald (Orc:2)
  3 draconian monks (Depths:4)
  2 frost giants
  5 fire giants
  An iron dragon (Depths:4)
  5 emperor scorpions
  Louise (Shoals:3)
  Aizul (Shoals:1)
  A balrug (Depths:4)
  A draconian scorcher (Depths:4)
  3 spectral caustic shrikes (Depths:2)
  7 vault wardens
  4 ghost moths
  A spriggan defender (Depths:3)
  2 reapers
  2 war gargoyles
  9 stone giants
  15 ironbound preservers
  14 very ugly things
  A draconian annihilator (Depths:4)
  2 green draconians (Depths:4)
  9 ironbound thunderhulks
  Azrael (Orc:2)
  Nessos (Orc:2)
  A black draconian (Depths:4)
  7 entropy weavers
  17 dire elephants
  4 white draconians (Depths:4)
  Snorg (Orc:2)
  2 red draconians (Depths:4)
  15 spark wasps
  3 purple draconians (Depths:4)
  3 crystal guardians
  Josephine (D:14)
  8 ettins
  7 fire dragons
  A blizzard demon (Depths:3)
  6 merfolk javelineers
  12 yaktaur captains
  6 merfolk impalers
  4 great orbs of eyes
  A hell beast (Depths:4)
  A quicksilver dragon skeleton (Depths:1)
  A rakshasa (Depths:3)
  5 peacekeepers
  9 ice dragons
  14 vault guards
  A caustic shrike simulacrum (IceCv)
  6 boulder beetles
  An alligator snapping turtle (Shoals:4)
  8 hydras
  3 merfolk avatars
  A radroach (Spider:3)
  3 jorogumos
  4 catoblepae
  3 spriggan air magi
  7 centaur warriors
  4 two-headed ogres
  4 ironbound frosthearts
  10 deep troll shamans
  3 satyrs
  12 death yaks
  7 merfolk aquamancers
  A death scarab (Spider:4)
  A vampire mage (Depths:1)
  13 deep troll earth magi
  10 orc high priests (Orc:2)
  A dancing weapon (Depths:3)
  2 hell hogs (Depths:1)
  8 tengu warriors
  5 spriggans
  4 spriggan berserkers (Depths:4)
  A sun demon (Depths:1)
  8 iron trolls
  4 pharaoh ants
  13 sea snakes
  A sun moth (Spider:4)
  8 orb spiders
  2 death drakes (Depths:4)
  64 deep trolls
  6 steelbarb worms
  3 orange crystal statues
  6 glowing orange brains
  A tengu zombie (Depths:2)
  A sphinx zombie (Depths:2)
  A phantasmal warrior (Vaults:3)
  14 ironbound convokers
  10 lindwurms
  2 orc knights
  Pikel (D:7)
  27 harpies
  A lindwurm (shapeshifter) (Depths:4)
  3 necromancers
  12 wizards
  A deep elf pyromancer (D:13)
  A frost giant zombie (Depths:2)
  19 wolf spiders
  7 cyclopes
  30 ugly things
  A salamander (Depths:2)
  14 fauns
  An orc sorcerer (Orc:2)
  A fire giant zombie (Depths:2)
  11 manticores
  3 black mambas
  14 merfolk sirens
  6 moths of wrath
  3 elephants (Lair:5)
  14 vault sentinels
  4 water nymphs
  2 ice statues (Shoals:4)
  A storm dragon simulacrum (Depths:1)
  9 torpor snails
  A gargoyle (D:10)
  13 cane toads
  7 demonic crawlers
  3 rime drakes
  2 efreet
  An unseen horror (D:10)
  42 yaktaurs
  3 anaconda simulacra (IceCv)
  4 freezing wraiths (IceCv)
  6 komodo dragons
  4 golden dragon simulacra (IceCv)
  A spriggan skeleton (Depths:1)
  29 merfolk
  3 trolls
  5 hornets
  A polar bear (Lair:5)
  A hornet (shapeshifter) (Spider:1)
  9 meliai
  8 wind drakes
  6 blink frogs (Lair:5)
  A sphinx simulacrum (Depths:1)
  15 tarantellas
  6 snapping turtles
  20 dream sheep
  39 slime creatures
  20 culicivoras
  Sigmund (D:3)
  10 water elementals
  24 jumping spiders
  6 wraiths
  9 wyverns
  7 hogs (Lair:4)
  61 yaks
  3 shadows
  3 fire elementals
  4 basilisks
  3 steam dragons
  52 redbacks
  2 harpy simulacra (IceCv)
  7 wargs
  Menkaure (D:7)
  A hydra simulacrum (IceCv)
  10 water moccasins
  2 hell hounds (Orc:2)
  2 floating eyes
  17 orc warriors
  2 ice beasts (D:6)
  12 ogres
  An alligator simulacrum (IceCv)
  An ettin simulacrum (IceCv)
  4 black bears
  2 centaurs
  17 wolves
  4 boggarts (Vaults:2)
  A lemure (D:7)
  A phantom (D:4)
  4 kobold brigands
  7 bullfrogs
  2 scorpions (D:6)
  11 wights
  3 killer bees (D:10)
  3 lindwurm simulacra (IceCv)
  7 howler monkeys
  6 electric eels (D:8)
  A jelly (D:5)
  39 orc priests
  2 hounds (D:5)
  A gnoll bouda (D:8)
  7 iguanas
  23 orc wizards
  3 gnolls (D:8)
  7 adders
  3 shadow imps (D:6)
  2 white imps
  A worm (D:3)
  2 dart slugs
  122 orcs
  6 endoplasms
  4 giant cockroaches
  5 goblins
  7 hobgoblins
  6 jackals
  5 quokkas
  8 ball pythons
  5 bats
  4 frilled lizards
  24 kobolds
  7 rats
  A ball lightning (Vaults:2)
  A fire vortex (Depths:1)
1560 creatures vanquished.

Vanquished Creatures (collateral kills)
  A ball lightning (Vaults:2)
1 creature vanquished.

Vanquished Creatures (others)
  43 ball lightnings
  16 foxfires
  26 fungi
  121 plants
206 creatures vanquished.

Grand Total: 1767 creatures vanquished

Notes
Turn   | Place    | Note
-------+----------+-------------------------------------------
     0 | D:1      | quixfox the Demonspawn Conjurer began the quest for the
                  | Orb.
     0 | D:1      | Reached XP level 1. HP: 13/13 MP: 3/3
   255 | D:1      | Gained mutation: You have a somewhat thin skeletal
                  | structure. (Dex +2, Stealth+) [demonic ancestry]
   255 | D:1      | Reached XP level 2. HP: 19/19 MP: 3/5
   968 | D:1      | Reached XP level 3. HP: 24/24 MP: 2/7
  1342 | D:2      | Learned a level 2 spell: Searing Ray
  1597 | D:2      | Found a faded altar of an unknown god.
  2319 | D:3      | Found a snail-covered altar of Cheibriados.
  2426 | D:3      | Reached XP level 4. HP: 30/30 MP: 6/8
  2609 | D:3      | Noticed Sigmund
  2628 | D:3      | Reached skill level 5 in Conjurations
  2685 | D:3      | Killed Sigmund
  2686 | D:3      | Reached XP level 5. HP: 35/35 MP: 4/11
  3109 | D:3      | Identified the +1 chain mail of the Guardian {rC+}
  3199 | D:3      | Found an ancient bone altar of Kikubaaqudgha.
  3267 | D:3      | Gained mutation: You sometimes gain a little power by
                  | taking damage. [demonic ancestry]
  3267 | D:3      | Reached XP level 6. HP: 41/41 MP: 10/12
  3687 | D:4      | Learned a level 4 spell: Iskenderun's Mystic Blast
  4470 | D:4      | Learned a level 4 spell: Hailstorm
  4527 | D:5      | Entered Level 5 of the Dungeon
  4828 | D:5      | Reached skill level 1 in Fighting
  4887 | D:5      | Reached skill level 1 in Ice Magic
  5076 | D:5      | Reached XP level 7. HP: 49/49 MP: 6/14
  5278 | D:5      | Reached skill level 5 in Spellcasting
  5779 | D:5      | Found an ornate altar of the Wu Jian Council.
  6048 | D:5      | Gained mutation: You sometimes gain power by taking damage.
                  | [demonic ancestry]
  6048 | D:5      | Reached XP level 8. HP: 58/58 MP: 10/16
  6733 | D:6      | Found a staircase to the Ecumenical Temple.
  6761 | Temple   | Entered the Ecumenical Temple
  7071 | D:6      | Found a hide-covered altar of Uskayaw.
  7474 | D:6      | Identified the +1 robe of Ennui {*Corrode rC- MP+9 Int+8}
  7492 | D:6      | Learned a level 5 spell: Lee's Rapid Deconstruction
  7662 | D:7      | Reached skill level 1 in Earth Magic
  7697 | D:7      | Noticed Pikel
  7828 | D:7      | Killed Pikel
  7829 | D:7      | Reached XP level 9. HP: 67/67 MP: 16/18
  7986 | D:7      | Reached skill level 2 in Earth Magic
  8178 | D:7      | Noticed a two-headed ogre
  8188 | D:7      | Killed a two-headed ogre
  8189 | D:7      | Reached skill level 5 in Fighting
  8375 | D:7      | Reached skill level 3 in Earth Magic
  8659 | D:7      | Noticed Menkaure
  8665 | D:7      | Killed Menkaure
  9017 | D:7      | Found a blossoming altar of Fedhas.
  9018 | D:7      | Found a broken altar of Ashenzari.
  9111 | D:7      | Found a radiant altar of Vehumet.
  9112 | D:7      | Found a shimmering blue altar of Sif Muna.
  9115 | D:7      | Became a worshipper of Vehumet
  9419 | D:8      | Noticed a two-headed ogre
  9424 | D:8      | Killed a two-headed ogre
  9425 | D:8      | Reached skill level 4 in Earth Magic
  9425 | D:8      | Gained mutation: Spells you cast may paralyse adjacent
                  | enemies. [demonic ancestry]
  9425 | D:8      | Reached XP level 10. HP: 74/74 MP: 19/21
  9627 | D:8      | Reached * piety under Vehumet
  9627 | D:8      | Offered knowledge of Foxfire by Vehumet.
  9638 | D:8      | Learned a level 1 spell: Foxfire
  9763 | D:8      | Found a bloodstained altar of Trog.
 10000 | D:8      | Found a basalt altar of Yredelemnul.
 10111 | D:8      | Reached skill level 1 in Fire Magic
 11079 | D:8      | Found Yxusiviu's Jewellery Emporium.
 11672 | D:9      | Reached skill level 5 in Earth Magic
 11914 | D:9      | Reached ** piety under Vehumet
 11915 | D:9      | Offered knowledge of Sandblast by Vehumet.
 11920 | D:9      | Learned a level 1 spell: Sandblast
 12062 | D:9      | Found a staircase to the Lair.
 12469 | D:10     | Entered Level 10 of the Dungeon
 12516 | D:10     | Noticed a gargoyle
 12518 | D:10     | Noticed a two-headed ogre
 12527 | D:10     | Killed a gargoyle
 12528 | D:10     | Reached XP level 11. HP: 67/80 MP: 22/23
 12529 | D:10     | Killed a two-headed ogre
 12530 | D:10     | Reached skill level 10 in Conjurations
 12597 | D:10     | Found a staircase to the Orcish Mines.
 12743 | D:10     | Offered knowledge of Poisonous Vapours by Vehumet.
 12790 | D:10     | Reached skill level 6 in Earth Magic
 12920 | D:10     | Found an opulent altar of Gozag.
 13071 | D:10     | Found Sul Byrorpha's Distillery.
 13146 | D:8      | Bought the amulet of Doras {Regen+ Int+4} for 635 gold
                  | pieces
 13200 | D:10     | Found a shadowy altar of Dithmenos.
 13204 | D:10     | Found a hazy altar of Hepliaklqana.
 13677 | D:10     | Reached *** piety under Vehumet
 13878 | Lair:1   | Entered Level 1 of the Lair of Beasts
 14100 | Lair:1   | Reached skill level 1 in Evocations
 14100 | Lair:1   | Offered knowledge of Ignite Poison by Vehumet.
 14101 | Lair:1   | Reached skill level 1 in Short Blades
 14276 | Lair:1   | Identified the +6 sling of the Brewing Gods {freeze, rPois
                  | rC- Stlth+}
 14293 | Lair:1   | Noticed a boulder beetle
 14305 | Lair:1   | Killed a boulder beetle
 14495 | Lair:1   | Noticed a catoblepas
 14509 | Lair:1   | Killed a catoblepas
 15128 | Lair:2   | Noticed a four-headed hydra
 15134 | Lair:2   | Killed a four-headed hydra
 15183 | Lair:2   | Gained mutation: Spells you cast may paralyse nearby
                  | enemies. [demonic ancestry]
 15183 | Lair:2   | Reached XP level 12. HP: 86/86 MP: 25/25
 15273 | Lair:2   | Found a staircase to the Shoals.
 15406 | Lair:1   | Reached skill level 10 in Spellcasting
 15521 | Lair:2   | Reached **** piety under Vehumet
 16229 | Lair:3   | Noticed an eight-headed hydra
 16236 | Lair:3   | Killed an eight-headed hydra
 16412 | Lair:3   | Offered knowledge of Stone Arrow by Vehumet.
 16534 | Lair:3   | Reached skill level 5 in Short Blades
 16595 | Lair:3   | Noticed a death yak
 16595 | Lair:3   | Noticed a death yak
 16595 | Lair:3   | Noticed a death yak
 16595 | Lair:3   | Noticed a death yak
 16596 | Lair:3   | Noticed a death yak
 16659 | Lair:3   | Killed a death yak
 16662 | Lair:3   | Killed a death yak
 16703 | Lair:3   | Killed a death yak
 16711 | Lair:3   | Killed a death yak
 16714 | Lair:3   | Killed a death yak
 17094 | Lair:3   | Found a hole to the Spider Nest.
 17395 | Lair:4   | Reached XP level 13. HP: 93/93 MP: 27/27
 17427 | Lair:4   | Learned a level 6 spell: Iron Shot
 18006 | Lair:4   | Reached skill level 5 in Dodging
 18061 | Lair:4   | Noticed Kirke
 18077 | Lair:4   | Killed Kirke
 18078 | Lair:4   | Reached skill level 7 in Earth Magic
 18205 | Lair:4   | Reached ***** piety under Vehumet
 18211 | Lair:4   | Offered knowledge of Airstrike by Vehumet.
 18334 | Lair:5   | Entered Level 5 of the Lair of Beasts
 19049 | Lair:5   | Found a staircase to the Slime Pits.
 19050 | Lair:5   | Found a viscous altar of Jiyva.
 19077 | Lair:5   | Reached skill level 8 in Earth Magic
 19376 | Lair:5   | Identified the +3 falchion of Conformity {antimagic,
                  | Fragile rElec Will+ Dex+3}
 19871 | Lair:5   | Gained mutation: You are powered by pain. [demonic
                  | ancestry]
 19871 | Lair:5   | Reached XP level 14. HP: 101/101 MP: 30/30
 20387 | Lair:5   | Found the +0 staff of Battle
 20637 | D:10     | Bought a potion of heal wounds for 75 gold pieces
 20637 | D:10     | Bought a potion of curing for 45 gold pieces
 20637 | D:10     | Bought a potion of heal wounds for 75 gold pieces
 20637 | D:10     | Bought 2 potions of curing for 90 gold pieces
 20784 | D:11     | Offered knowledge of Starburst by Vehumet.
 21143 | D:11     | Reached skill level 1 in Staves
 22348 | D:12     | Reached skill level 9 in Earth Magic
 22566 | D:12     | Found the +18 Lear's hauberk
 23094 | D:13     | Found a gate to the Vaults.
 23347 | D:13     | Found the +8 mithril axe "Arga" {speed, Will+}
 23823 | D:13     | Found a shimmering blue altar of Sif Muna.
 24113 | D:14     | Noticed Roxanne
 24116 | D:14     | You fall into a shaft and drop 1 floor!
 24116 | D:15     | Entered Level 15 of the Dungeon
 24268 | D:14     | Killed Roxanne
 24318 | D:14     | Noticed Jorgrun
 24322 | D:14     | Killed Jorgrun
 24351 | D:14     | Noticed Josephine
 24368 | D:14     | Killed Josephine
 24679 | D:14     | Gained mutation: Your touch may inflict minor irresistible
                  | damage on your foes. [demonic ancestry]
 24679 | D:14     | Reached XP level 15. HP: 100/100 MP: 31/31
 25082 | D:15     | Found Eviwnum's Weapon Emporium.
 25253 | D:15     | Reached skill level 10 in Earth Magic
 25565 | D:15     | Reached skill level 5 in Staves
 25695 | D:15     | Found a staircase to the Depths.
 26184 | Orc:1    | Entered Level 1 of the Orcish Mines
 27155 | Orc:2    | Entered Level 2 of the Orcish Mines
 27257 | Orc:2    | Noticed Nessos
 27446 | Orc:2    | Noticed Snorg
 27447 | Orc:2    | Killed Nessos
 27452 | Orc:2    | Killed Snorg
 27458 | Orc:2    | Noticed Azrael
 27581 | Orc:2    | Killed Azrael
 27627 | Orc:2    | Offered knowledge of Eringya's Noxious Bog by Vehumet.
 27920 | Orc:2    | Reached skill level 15 in Conjurations
 28442 | Orc:2    | Found Joetaf's Magic Scroll Shop.
 28442 | Orc:2    | Found Omabbia's Weapon Shoppe.
 28447 | Orc:2    | Bought a scroll of teleportation for 48 gold pieces
 28810 | Orc:2    | Noticed Donald
 28813 | Orc:2    | Killed Donald
 28868 | Orc:2    | Found Votu's Antique Armour Shop.
 28868 | Orc:2    | Found Won Niox's Weapon Shoppe.
 29262 | Orc:2    | Found a staircase to the Elven Halls.
 29637 | Spider:1 | Entered Level 1 of the Spider Nest
 29650 | Spider:1 | Reached skill level 1 in Shields
 30214 | Spider:1 | Reached skill level 11 in Earth Magic
 30592 | Spider:1 | Offered knowledge of Conjure Ball Lightning by Vehumet.
 30892 | Spider:2 | Noticed an emperor scorpion
 30895 | Spider:2 | Killed an emperor scorpion
 31123 | Spider:2 | Reached XP level 16. HP: 115/115 MP: 28/32
 31993 | Spider:2 | Reached skill level 5 in Shields
 32765 | Spider:2 | Learned a level 6 spell: Conjure Ball Lightning
 33530 | Spider:3 | Reached ****** piety under Vehumet
 33552 | Spider:3 | Identified 2 scrolls of acquirement
 33553 | Spider:3 | Acquired Ozocubu's Autobiography
 33556 | Spider:3 | Offered knowledge of Irradiate by Vehumet.
 33557 | Spider:3 | Acquired the +0 helmet "Seisk" {Regen+ Str+3 Dex-5}
 34217 | Spider:4 | Entered Level 4 of the Spider Nest
 35079 | Spider:4 | Reached skill level 10 in Shields
 35690 | Spider:4 | Reached XP level 17. HP: 49/117 MP: 33/33
 35754 | Spider:4 | Got a gossamer rune of Zot
 35760 | Spider:4 | Identified the +0 pair of gloves "Zegungeu" {rC+ Dex+6
                  | Stlth-}
 36211 | D:8      | Bought a ring of willpower for 350 gold pieces
 36321 | Shoals:1 | Entered Level 1 of the Shoals
 36321 | Shoals:1 | Noticed Aizul
 36325 | Shoals:1 | Killed Aizul
 36452 | Shoals:1 | You fall into a shaft and drop 1 floor!
 36471 | Shoals:2 | Offered knowledge of Orb of Destruction by Vehumet.
 36519 | Shoals:1 | Gained mutation: Spells you cast and wands you use may
                  | paralyse nearby enemies. [demonic ancestry]
 36519 | Shoals:1 | Reached XP level 18. HP: 127/127 MP: 34/34
 36563 | Shoals:1 | Noticed Nikola
 36647 | Shoals:1 | Killed Nikola
 38165 | Shoals:2 | Upgraded the game from 0.29-a0-1027-gcd8c55af63 to
                  | 0.29-a0-1033-gb6c65ffae6
 38181 | Shoals:3 | Noticed Louise
 38185 | Shoals:3 | Killed Louise
 38297 | Shoals:3 | Noticed Ilsuiw
 38309 | Shoals:3 | Killed Ilsuiw
 38609 | Shoals:3 | Noticed Loidof's ghost (adept MiFi)
 38619 | Shoals:3 | Found a bloodstained altar of Trog.
 38619 | Shoals:3 | Found a transporter.
 38636 | Shoals:3 | Found a transporter.
 38802 | Shoals:3 | Found Hovust's General Store.
 38904 | Shoals:3 | Reached skill level 15 in Shields
 39114 | Shoals:3 | Offered knowledge of Lehudib's Crystal Spear by Vehumet.
 39172 | Shoals:4 | Entered Level 4 of the Shoals
 39172 | Shoals:4 | Noticed Bai Suzhen
 39175 | Shoals:4 | Killed Bai Suzhen
 39350 | Shoals:4 | Found a frozen archway.
 39574 | IceCv    | Entered an ice cave
 39769 | IceCv    | Found the +10 tower shield of Ignorance {rN+ Int-4}
 40162 | Shoals:4 | Gained mutation: Your touch may inflict irresistible damage
                  | on your foes. [demonic ancestry]
 40162 | Shoals:4 | Reached XP level 19. HP: 136/136 MP: 33/35
 40379 | Shoals:4 | Got a barnacled rune of Zot
 40686 | Shoals:4 | Got the Secrets of Weather
 40693 | Shoals:4 | Learned a level 5 spell: Freezing Cloud
 40731 | Shoals:4 | Offered knowledge of Shatter by Vehumet.
 40731 | Shoals:4 | Offered knowledge of Polar Vortex by Vehumet.
 40731 | Shoals:4 | Offered knowledge of Maxwell's Capacitive Coupling by
                  | Vehumet.
 41048 | Shoals:3 | Bought a scroll of magic mapping for 82 gold pieces
 41048 | Shoals:3 | Bought a scroll of magic mapping for 82 gold pieces
 41333 | Vaults:1 | Entered Level 1 of the Vaults
 42611 | Vaults:1 | Reached skill level 10 in Fighting
 43017 | Vaults:1 | Learned a level 9 spell: Shatter
 43022 | Vaults:1 | Learned a level 3 spell: Swiftness
 43366 | Vaults:1 | Identified the +5 arbalest of Disharmony {venom, rElec rN+
                  | Dex+2 Stlth+}
 43370 | Vaults:1 | Identified the +5 arbalest of the Fray {elec, rF- Str+4
                  | Dex+3 SInv}
 43516 | Vaults:2 | Reached skill level 12 in Earth Magic
 43889 | Vaults:2 | Identified the +2 leather armour "Raerrir" {Int+4}
 43896 | Vaults:2 | Reached skill level 13 in Earth Magic
 44286 | Vaults:2 | Gained mutation: You have a moderately thin skeletal
                  | structure. (Dex +4, Stealth++) [demonic ancestry]
 44286 | Vaults:2 | Reached XP level 20. HP: 147/147 MP: 37/37
 44620 | Vaults:2 | Reached skill level 14 in Earth Magic
 45662 | Vaults:2 | Found a staircase to the Crypt.
 45895 | Vaults:3 | Reached skill level 15 in Earth Magic
 46503 | Vaults:3 | Identified the +7 dagger "Nuatoubyol" {pain, rElec rF+
                  | Will++ Dex+4}
 46749 | Vaults:3 | Reached skill level 16 in Earth Magic
 47224 | Vaults:3 | Found Bekhlug's Weapon Shop.
 48361 | Vaults:4 | Reached skill level 17 in Earth Magic
 48980 | Vaults:4 | Gained mutation: Your touch may irresistibly damage your
                  | foes and sap their willpower. [demonic ancestry]
 48980 | Vaults:4 | Reached XP level 21. HP: 153/153 MP: 29/38
 49153 | Vaults:4 | Reached skill level 18 in Earth Magic
 49480 | Depths:1 | Entered Level 1 of the Depths
 49495 | Depths:1 | Reached skill level 1 in Armour
 51054 | Depths:1 | Found a gateway to Hell.
 51350 | Depths:1 | Found a sparkling altar of Nemelex Xobeh.
 51670 | Depths:2 | Found a flickering gateway to a bazaar.
 51681 | Bazaar   | Entered a bazaar
 51681 | Bazaar   | Found Xuesm's Antique Armour Emporium.
 51695 | Bazaar   | Found Nesef's Antique Weapon Shop.
 51706 | Bazaar   | Found Odwyufa's Book Emporium.
 51717 | Bazaar   | Found Misokos's Distillery.
 51725 | Bazaar   | Found Wojaost's General Store.
 51744 | Bazaar   | Bought a glowing robe for 122 gold pieces
 51760 | Bazaar   | Bought an ebony morningstar for 261 gold pieces
 51760 | Bazaar   | Identified the +10 morningstar of the Enchanted Forest
                  | {vorpal, Contam rC+++ Int+5 Dex-2} (You bought it in a shop
                  | in a bazaar)
 51783 | Bazaar   | Bought a potion of curing for 48 gold pieces
 51783 | Bazaar   | Bought a potion of curing for 48 gold pieces
 51783 | Bazaar   | Bought a potion of brilliance for 64 gold pieces
 51783 | Bazaar   | Bought a potion of mutation for 128 gold pieces
 51783 | Bazaar   | Bought a potion of curing for 48 gold pieces
 51783 | Bazaar   | Bought a potion of curing for 48 gold pieces
 51918 | Depths:2 | Found a one-way gateway to a ziggurat.
 51929 | Depths:2 | Reached skill level 19 in Earth Magic
 52218 | Depths:2 | Found a one-way gate leading to the halls of Pandemonium.
 52234 | Depths:2 | Found a transporter.
 52795 | Depths:2 | Found a transporter.
 53583 | Depths:3 | Noticed a golden dragon
 53583 | Depths:3 | an acid blob changed into a golden dragon
 53584 | Depths:3 | a golden dragon changed into a shadow dragon
 53593 | Depths:3 | Noticed a golden dragon
 53687 | Depths:3 | Noticed a golden dragon
 53690 | Depths:3 | Killed a golden dragon
 53745 | Depths:3 | Found a runed translucent door.
 53747 | Depths:3 | Found a shimmering altar of Xom.
 53747 | Depths:3 | Noticed Wiucos's ghost (veteran SpVM)
 53929 | Depths:3 | Reached skill level 20 in Earth Magic
 54102 | Depths:3 | Found a one-way gate to the infinite horrors of the Abyss.
 54279 | Depths:3 | Noticed a golden dragon
 54283 | Depths:3 | Killed a golden dragon
 55080 | Depths:3 | Killed Wiucos's ghost
 55084 | Depths:3 | Got the Precepts of Poison and Displacement
 55177 | Depths:4 | Entered Level 4 of the Depths
 55207 | Depths:4 | Reached XP level 22. HP: 94/159 MP: 39/39
 55380 | Depths:4 | Noticed a caustic shrike
 55511 | Depths:4 | Noticed a caustic shrike
 55515 | Depths:3 | Killed a caustic shrike
 55527 | Depths:4 | Noticed a caustic shrike
 55573 | Depths:4 | Noticed a caustic shrike
 55631 | Depths:3 | Killed a caustic shrike
 55633 | Depths:3 | Killed a caustic shrike
 55739 | Depths:4 | Killed a caustic shrike
 55878 | Depths:4 | Reached skill level 21 in Earth Magic
 56590 | Depths:4 | Noticed a golden dragon
 56732 | Depths:4 | Killed a golden dragon
 57707 | Depths:4 | Noticed a golden dragon
 57711 | Depths:4 | Killed a golden dragon
 57912 | Depths:4 | Noticed a golden dragon
 57913 | Depths:4 | Noticed a golden dragon
 57941 | Depths:4 | Killed from afar by a golden dragon

Illustrated notes

Levels and vault maps discovered:
D:1:      noname_arrival_rooms_in_the_neighbourhood, layout_loops_ring
D:2:      layout_basic, shapermc_ecumenical_altar_notcrosses,
          chequers_serial_rivers_room_b, minmay_misc_feat_doors
D:3:      layout_loops_ring, mainiacjoe_overflow_catwalk, cheibriados_altar_1,
          kiku_gazebo_pond_becter, uniq_sigmund
D:4:      layout_cave_pods
D:5:      layout_gridville, mainiacjoe_overflow_alcove_1, minmay_bent
D:6:      layout_basic, nicolae_uskayaw_dance_hall, minmay_temple_entry_junction
D:7:      layout_loops_ring, minitemple, uniq_menkaure, uniq_pikel
D:8:      cheibrodos_two_vegetables, layout_loops_ring, kennysheep_ying_yang,
          lemuel_tele_altar, serial_shops, nicolae_stop_n_shop_2
D:9:      layout_rooms, lair_entry_dummy, fountainhead, hex_large,
          minmay_increasing_density
D:10:     layout_loops_corners, riverfiend_overflow_shadow_ancestor,
          nicolae_gozag_seed_capital, erik_orc_3, serial_shops,
          nicolae_shop_temple_entry_statues_fountains
D:11:     layout_stronghold, kennysheep_potato
D:12:     layout_basic, hellmonk_guarded_unrand_lears
D:13:     layout_irregular_city, erik_vaults_2, dk_noncrumbling_4,
          nicolae_sif_muna_little_library
D:14:     layout_gridville, abandoned_shop, chequers_serial_rivers_micro_d,
          uniq_josephine, uniq_roxanne, uniq_jorgrun
D:15:     grunt_enter_depths_snipers, layout_grid_maze, serial_bayou_shore_b,
          serial_shops, shop_fountains
Temple:   nicolae_temple_great_sept
Lair:1:   layout_chaotic_city, beast_lair_carwin_9
Lair:2:   layout_long_grid, minmay_shoals_entry_lonely_mermaid
Lair:3:   layout_long_grid, spider_nest_entry_funnel_web,
          dreamdust_mushroom_princess, serial_bayou_pond_a
Lair:4:   layout_hall_layers, serial_bayou_shore_b, uniq_kirke
Lair:5:   evilmike_catoblepas_cave, layout_hall_layers, slime_entry_1,
          grunt_megastairs_2
Shoals:1: layout_shoals, uniq_aizul, uniq_nikola
Shoals:2: layout_shoals, nicolae_shoals_aquamancer_cove
Shoals:3: layout_shoals, gammafunk_ghost_wrathful_warriors,
          nicolae_take_the_stairs, uniq_louise, uniq_ilsuiw
Shoals:4: shoals_end_hangedman, layout_shoals,
          portal_ice_cave_entry_ice_statue_two, uniq_bai_suzhen
Spider:1: layout_spider_delve, hellmonk_deceptive_appearances
Spider:2: layout_chambers, hangedman_spider_tarantella_strand
Spider:3: layout_spider_delve, nicolae_spider_twisty_arc_passages
Spider:4: grunt_spider_rune_island, nicolae_spider_nooks_and_crannies
Orc:1:    layout_diamond_mine
Orc:2:    st_orc_town, layout_diamond_mine, nicolae_orc_crystal_geode,
          uniq_nessos, uniq_donald, uniq_snorg, uniq_azrael
Vaults:1: nicolae_vaults_statue_guard, nicolae_vaults_yaktaur_gun_rack,
          nicolae_vaults_triangles, hangedman_vaults_stagger,
          nicolae_vaults_little_squares_4, vaults_room_stairs_pillars,
          hangedman_vaults_stitches, v_misc_28,
          vaults_standard_mumra_enter_the_diamond, layout_vaults_omnibox
Vaults:2: minmay_crypt_entry_nasty_monster, v_alt_pattern_3,
          grunt_vaults_trifunnel, hangedman_vaults_river_flow, v_misc_19,
          hangedman_vaults_restitches, vaults_standard_mumra_x,
          hangedman_vaults_corner_blocks, vaults_dpeg_ring,
          vaults_room_door_ring, vaults_room_boxed,
          nicolae_vaults_mini_display_case, layout_vaults_chaotic_city
Vaults:3: nicolae_vaults_network_star, v_rooms_3, vaults_mumra_chevron_long,
          hangedman_vaults_snaps, nicolae_vaults_network_periphery,
          nicolae_vaults_big_ls, dpeg_vaults_monster_row, v_misc_8, st_cross,
          nicolae_vaults_ring_of_whatevers, layout_vaults_maze_snakey,
          serial_shops, nicolae_lakefront_shop
Vaults:4: hangedman_vaults_capsules, grunt_vaults_hallway_short,
          vaults_room_guarded_vault, v_alt_pattern_1,
          hangedman_vaults_corner_blocks, v_pattern_4, vaults_mumra_minichess,
          ontoclasm_vaults_gateway, hangedman_vaults_cutoff,
          hangedman_vaults_maws, v_misc_24, vaults_room_door_hall,
          grunt_vaults_focal, ontoclasm_vaults_loading_screen,
          layout_vaults_big_cross
Depths:1: layout_gridlike, hellmouth_1, nemelex_altar_shiori
Depths:2: gammafunk_its_a_trap, layout_honeycomb, enter_ziggurat_a,
          pf_hell_entry_tar_river, pan_entry, serial_shops, bzr_entry_lakeside,
          nicolae_concentric_dashed_squares_mild, infiniplex_staircase_pool_lava
Depths:3: lemuel_troll_bridge, layout_basic, abyss_entry_small_statue_room,
          hangedman_coc_ice_floe, ebering_ghost_xom, minmay_crystal_water
Depths:4: lemuel_castle_with_subvaults [lemuel_castle_interior_carwin_2],
          layout_long_grid, grunt_mini_vestibule, grunt_decor_mini_mirrors

Skill      XL: |  1  2  3  4  5  6  7  8  9 10 11 12 13 14 15 16 17 18 19 20 21 22 |
---------------+-------------------------------------------------------------------+-----
Spellcasting   | 3 4 5 6 7 8 9 10 12 13 | 13.5
Conjurations   | 5 6 7 8 9 11 12 13 14 15 16 | 16.5
Fighting       | 1 3 4 5 6 7 8 10 | 10.1
Ice Magic      | 1 2 4 |  4.8
Earth Magic    | 1 4 5 6 8 9 11 13 17 20 21 | 21.8
Stealth        | 3 |  3.7
Fire Magic     | 3 4 |  4.7
Evocations     | 3 4 |  4.2
Short Blades   | 3 5 |  5.0
Dodging        | 4 6 8 9 |  9.7
Staves         | 4 6 7 8 |  8.6
Shields        | 3 11 12 15 | 15.9
Armour         | 4 |  4.6

Action                   |  1- 3 |  4- 6 |  7- 9 | 10-12 | 13-15 | 16-18 | 19-21 | 22-24 || total
-------------------------+-------+-------+-------+-------+-------+-------+-------+-------++-------
Melee: Unarmed           |     2 |       |       |       |       |       |       |       ||     2
       Dagger            |    15 |       |       |       |       |       |       |     5 ||    20
       Short sword       |     3 |       |       |    31 |     7 |       |       |       ||    41
       Staff             |       |       |       |     2 |     9 |    52 |    38 |     3 ||   104
       Touch             |       |       |       |       |     1 |     4 |       |       ||     5
       Punch             |       |       |       |       |       |     3 |       |       ||     3
 Cast: Magic Dart        |    88 |   110 |   148 |    59 |       |       |       |       ||   405
       Searing Ray       |       |     8 |    39 |    22 |     3 |     5 |       |       ||    77
       Hailstorm         |       |       |    28 |    59 |    24 |     9 |       |       ||   120
       Sandblast         |       |       |       |   134 |    10 |     1 |     1 |       ||   146
       Foxfire           |       |       |       |     9 |       |       |     1 |       ||    10
       Lee's Rapid Decon |       |       |       |    47 |    64 |    28 |    59 |       ||   198
       Iskenderun's Myst |       |       |       |    20 |    15 |     1 |     3 |       ||    39
       Iron Shot         |       |       |       |       |   329 |   322 |   520 |   126 ||  1297
       Conjure Ball Ligh |       |       |       |       |       |     9 |     9 |     1 ||    19
       Freezing Cloud    |       |       |       |       |       |       |    19 |     5 ||    24
       Swiftness         |       |       |       |       |       |       |       |     1 ||     1
Evoke: Wand              |       |       |       |     2 |       |       |       |       ||     2
  Use: Potion            |       |     2 |       |     1 |       |     3 |     1 |     1 ||     8
       Scroll            |       |     9 |     5 |     7 |    10 |    12 |     5 |     3 ||    51
 Stab: Sleeping          |     4 |       |       |     1 |       |       |       |       ||     5
       Paralysed         |       |       |       |    29 |     8 |     6 |    15 |     5 ||    63
Armor: Robe              |     3 |     2 |     3 |    25 |     8 |    19 |     4 |       ||    64
       Leather armour    |       |       |       |       |       |       |     1 |     6 ||     7
Dodge: Dodged            |    19 |     9 |    28 |    79 |    49 |    57 |    32 |    13 ||   286
Block: Other             |       |       |     5 |    12 |       |       |       |       ||    17
       Reflection        |       |       |     1 |     4 |       |    10 |    25 |       ||    40
       Kite shield       |       |       |       |       |       |    59 |    68 |    33 ||   160
       Buckler           |       |       |       |       |       |     2 |       |       ||     2

Table legend: (Time is in decaauts)
 A = Elapsed time spent in this place.
 B = Non-inter-level travel time spent in this place.
 C = Inter-level travel time spent in this place.
 D = Time resting spent in this place.
 E = Time spent auto-exploring this place.
 F = Levels seen in this place.
 G = Mean time per level.
                   A        B        C        D        E       F      G
               +--------+--------+--------+--------+--------+-----+--------+
         Total |  58581 |  55618 |   2963 |  15791 |  19842 |  41 | 1428.8 |
       Dungeon |  20090 |  18752 |   1338 |   3464 |  11704 |  15 | 1339.3 |
        Temple |     85 |     85 |      0 |      0 |     66 |   1 |   85.0 |
          Lair |   7234 |   6665 |    569 |   1521 |   2758 |   5 | 1446.8 |
        Shoals |   4595 |   4328 |    267 |   1102 |    676 |   4 | 1148.8 |
   Spider Nest |   6480 |   6292 |    188 |   1980 |   1980 |   4 | 1620.0 |
  Orcish Mines |   3321 |   3228 |     93 |   1326 |   1163 |   2 | 1660.5 |
        Vaults |   8165 |   7761 |    404 |   2786 |    761 |   4 | 2041.2 |
        Depths |   7954 |   7852 |    102 |   3273 |    734 |   4 | 1988.5 |
        Bazaar |    115 |    115 |      0 |      0 |      0 |   1 |  115.0 |
      Ice Cave |    537 |    537 |      0 |    338 |      0 |   1 |  537.0 |
               +--------+--------+--------+--------+--------+-----+--------+

Top non-repeatable levels by time:
Depths:3: 2593 daAuts
Vaults:2: 2449 daAuts
Spider:2: 2290 daAuts
Vaults:1: 2229 daAuts
     D:8: 2150 daAuts
Depths:4: 2104 daAuts
  Lair:5: 2056 daAuts
Vaults:4: 1938 daAuts
Depths:1: 1792 daAuts
   Orc:2: 1744 daAuts
Spider:4: 1695 daAuts
     D:7: 1634 daAuts
   Orc:1: 1576 daAuts
Vaults:3: 1548 daAuts
    D:15: 1483 daAuts
